 Dungeon Crawl Stone Soup version 0.31-a0-217-g58bb5d79cf (webtiles) character file.

Game seed: 17430022645384270834

220 Ymiko097 the Trooper (level 5, -3/48 HPs)
             Began as a Draconian Chaos Knight on July 3, 2023.
             Was a Plaything of Xom.
             Slain by an ogre
             ... wielding a +0 giant club
              (6 damage)
             ... on level 4 of the Dungeon.
             The game lasted 00:20:14 (3693 turns).

Ymiko097 the Trooper (Draconian Chaos Knight)       Turns: 3693, Time: 00:20:14

Health: -3/48      AC:  5    Str: 16    XL:     5   Next: 64%
Magic:  5/5        EV: 12    Int: 12    God:    Xom [.*....]
Gold:   175        SH:  0    Dex: 11    Spells: 2/4 levels left

rFire   . . .        a - +0 hand axe (chaos)
rCold   . . .        (no shield)
rNeg    . . .        (body armour unavailable)
rPois   .            (helmet restricted)
rElec   .            (no cloak)
rCorr   .            (no gloves)
SInv    .            (no boots)
Will    +....        (no amulet)
Stlth   ++           h - ring of willpower
HPRegen 0.00/turn    (no ring)
MPRegen 0.09/turn

%: no passive effects
@: inhibited regen
A: AC +5, unfitting armour, cold-blooded, inhibited regeneration
a: Renounce Religion


You were on level 4 of the Dungeon.
You worshipped Xom.
You were a plaything of Xom.
You visited 1 branch of the dungeon, and saw 4 of its levels.

You collected 175 gold pieces.

Inventory:

Hand Weapons
 a - a +0 hand axe of chaos (weapon)
 d - a +2 whip of venom
Jewellery
 h - a ring of willpower (left hand)
Wands
 i - a wand of mindburst (3)
Scrolls
 c - 4 scrolls of identify {unknown}
 j - a scroll of poison {unknown}
 l - a scroll of vulnerability {unknown}
 m - a scroll of fear {unknown}
 n - a scroll of immolation {unknown}
 p - a scroll of enchant weapon {unknown}
 r - a scroll of teleportation {unknown}
Potions
 e - 2 potions of berserk rage {unknown}
 f - a potion of degeneration {unknown}
 g - a potion of cancellation {unknown}
 k - a potion of ambrosia {unknown}
 o - 2 potions of heal wounds {unknown}
 q - a potion of resistance {unknown}
 s - a potion of enlightenment {unknown}
Miscellaneous
 b - a piece from Xom's chessboard (12/15) (quivered)


   Skills:
 * Level 5.0 Fighting
 + Level 3.9(4.1) Axes
 - Level 1.6(3.0) Maces & Flails
 - Level 2.4 Dodging
 + Level 2.0 Stealth
 * Level 1.2 Transmutations


You had 2 spell levels left.
You knew the following spells:

 Your Spells              Type           Power      Damage    Failure   Level
a - Wereblood             Tmut           2%         N/A       30%         2

Your spell library contained the following spells:

 Spells                   Type           Power      Damage    Failure   Level
 Sublimation of Blood     Necr           0%         N/A       45%         2
 Vhi's Electric Charge    Tloc/Air       0%         N/A       69%         3
 Petrify                  Tmut/Erth      1%         N/A       95%         4
 Arcjolt                  Conj/Air       0%         1d10      100%        5
 Irradiate                Conj/Tmut      0%         3d11      100%        5
 Summon Hydra             Summ           0%         N/A       100%        7
 Maxwell's Capacitive Co  Air            0%         ∞         100%        8


Dungeon Overview and Level Annotations

Branches:
Dungeon (4/15)
 Temple: D:4-7

Altars:
Qazlal
Trog
Uskayaw


Innate Abilities, Weirdness & Mutations

Your plain brown scales are hard. (AC +5)
You cannot fit into any form of body armour.
You are cold-blooded and may be slowed by cold attacks.
You do not regenerate when monsters are visible.


Message History

You make a move on Xom's chessboard...
The orc wizard falls asleep!
The orc priest barely misses you.
You barely miss the orc wizard.
Your tail-slap misses the orc wizard.
You slash the ogre!
Space warps horribly around the ogre!
You hit the orc.
The orc seems to speed up.
Xom is amused.
You closely miss the orc. You barely miss the orc priest.
The ogre hits you with a +0 giant club!
The orc priest hits you but does no damage.
The orc closely misses you. The orc wizard misses you.
The orc hits you with a +0 hand axe. The orc barely misses you.
The orc priest mumbles some strange prayers to Beogh against you.
You resist with some effort.
The orc wizard shouts!
You closely miss the orc wizard. You hit the orc but do no damage.
You closely miss the orc priest. You hit the ogre. You freeze the ogre.
You hit the orc. You freeze the orc.
You kill the orc!
The orc wizard hits you with a +0 dagger.
The ogre hits you with a +0 giant club!!
Ouch! That really hurt!
* * * LOW HITPOINT WARNING * * *
You emit a cloud of colourful smoke!
The orc hits you with a +0 flail.
* * * LOW HITPOINT WARNING * * *
The orc priest hits you with a +0 whip.
You die... "Hey, things were just getting interesting!"
Xom revives you!
Unknown command.
You hit the orc wizard. You burn the orc wizard.
The orc wizard is lightly wounded.
You hit the orc.
You feel better.
You hit the orc priest.
The orc priest suddenly seems more agile.
You hit the ogre. The orc wizard barely misses you.
The orc priest hits you with a +0 whip.
* * * LOW HITPOINT WARNING * * *
The orc barely misses you. The ogre hits you with a +0 giant club.
You die...
Xom giggles madly!

#.########.....(....#.####......
#.#.....##...................###
#...###......[..###.#.######.#
#...# #.......### #.#.#####..#
##...###.###...# #.#......#.##
.........###...#####.#####.###.##
##...<............##.####.## ##.#
##....####>#..§oO.....###.###.##
#..{o.##.#...§@§..........#.###
##.o....###..oo§.o.#.#####.## #
#.#..##.#..#.#.##.#.# #.# #
####.#...............#.# #.# #
........###.#.######.#.# #.#
o###.#### #.#.# #.#.### #.# .#
#.# #.#.# ##..)..# #.# .###.##
#.#.#####......# #.# {.....#
#..............# #.#


You could see an ogre, an orc priest (agile), 2 orc wizards and an orc.

Vanquished Creatures
  2 orc wizards (D:4)
  3 gnolls (D:3)
  2 adders (D:3)
  5 dart slugs
  5 orcs
  6 ball pythons
  6 bats
  4 endoplasms
  6 giant cockroaches
  13 goblins
  4 hobgoblins
  3 quokkas
  7 frilled lizards
  7 kobolds
  2 rats
75 creatures vanquished.

Vanquished Creatures (collateral kills)
  Terence (D:2)
  An endoplasm (D:2)
  A giant cockroach (D:2)
  2 bats (D:2)
  A goblin (D:2)
6 creatures vanquished.

Grand Total: 81 creatures vanquished

Notes
Turn   | Place    | Note
-------+----------+-------------------------------------------
     0 | D:1      | Ymiko097 the Draconian Chaos Knight began the quest for the
                  | Orb.
     0 | D:1      | Reached XP level 1. HP: 19/19 MP: 1/1
    44 | D:1      | Reached XP level 2. HP: 21/26 MP: 2/2
   404 | D:1      | XOM: silly message
   450 | D:1      | Reached XP level 3. HP: 30/33 MP: 3/3
   495 | D:1      | XOM: silly message
   527 | D:1      | XOM: divination: magic mapping
   651 | D:2      | Noticed Terence
   663 | D:2      | XOM: summons friendly quasit
   668 | D:2      | Killed Terence
   669 | D:2      | Reached skill level 4 in Fighting
   669 | D:2      | Reached skill level 1 in Maces & Flails
   669 | D:2      | Reached skill level 1 in Stealth
   680 | D:2      | Reached XP level 4. HP: 28/40 MP: 4/4
   974 | D:2      | Learned a level 2 spell: Wereblood
  1098 | D:2      | XOM: give mutation
  1098 | D:2      | Gained mutation: You do not regenerate when monsters are
                  | visible. [Xom's mischief]
  1191 | D:3      | XOM: enchant monster (good)
  1314 | D:3      | Found a hide-covered altar of Uskayaw.
  1622 | D:3      | Found a faded altar of an unknown god.
  1725 | D:3      | XOM: divination: detect creatures
  1862 | D:3      | Reached XP level 5. HP: 43/47 MP: 5/5
  2162 | D:3      | Found a bloodstained altar of Trog.
  2483 | D:4      | XOM: noise
  2752 | D:4      | Reached skill level 1 in Transmutations
  2830 | D:4      | XOM: polymorph hobgoblin -> rat
  2855 | D:4      | Found a stormy altar of Qazlal.
  3109 | D:4      | Reached skill level 5 in Fighting
  3280 | D:4      | XOM: enchant monster (good)
  3665 | D:4      | Noticed an ogre
  3688 | D:4      | XOM: swap monsters
  3692 | D:4      | XOM: smoke on damage
  3692 | D:4      | HP: 1/48 [orc/+0 flail (2)]
  3692 | D:4      | Xom revived you
  3693 | D:4      | Slain by an ogre

Illustrated notes

Levels and vault maps discovered:
D:1:      dpeg_arrival_rooms_with_view, layout_rooms, serial_bayou_crossing
D:2:      minmay_diamond_boxcup, layout_rooms, supply_closet_lemuel,
          uniq_terence
D:3:      layout_loops_ring, mainiacjoe_overflow_alcove_4,
          mainiacjoe_overflow_brackets, shapermc_ecumenical_altar_totnotflames
D:4:      layout_loops_ring, nicolae_qazlal_scattered_showers

Skill      XL: |  1  2  3  4  5 |
---------------+----------------+-----
Fighting       | 4 5 |  5.0
Maces & Flails | 1 |  1.6
Stealth        | 1 2 |  2.0
Transmutations | 1 |  1.2
Axes           | |  3.9
Dodging        | |  2.4

Action                     |  1- 3 |  4- 6 || total
---------------------------+-------+-------++-------
  Melee: Hand axe          |    65 |   112 ||   177
         Tailslap          |     9 |    13 ||    22
         Punch             |       |     1 ||     1
  Evoke: Piece from Xom's  |     2 |     3 ||     5
         Wand              |       |     7 ||     7
 Armour: Skin              |    25 |    39 ||    64
  Dodge: Dodged            |    52 |    75 ||   127

Table legend: (Time is in decaauts)
 A = Elapsed time spent in this place.
 B = Non-inter-level travel time spent in this place.
 C = Inter-level travel time spent in this place.
 D = Time resting spent in this place.
 E = Time spent auto-exploring this place.
 F = Levels seen in this place.
 G = Mean time per level.
                   A        B        C        D        E       F      G
               +--------+--------+--------+--------+--------+-----+--------+
         Total |   3718 |   2631 |   1087 |    878 |   1161 |   4 |  929.5 |
       Dungeon |   3718 |   2631 |   1087 |    878 |   1161 |   4 |  929.5 |
               +--------+--------+--------+--------+--------+-----+--------+

Top non-repeatable levels by time:
     D:3: 1809 daAuts
     D:4: 725 daAuts
     D:1: 661 daAuts
     D:2: 521 daAuts
